[Event "*** Titled Tuesday Blitz"]
[Site "Chess.com"]
[Date "2021.04.20"]
[Round "1"]
[White "Steven_Rojas"]
[Black "Sychev_Klementy"]
[Result "1/2-1/2"]
[WhiteElo "2476"]
[BlackElo "2896"]
[TimeControl "180+1"]
[EndTime "10:09:41 PDT"]
[Termination "Game drawn by stalemate"]

1. c4 e5 2. Nc3 Nf6 3. Nf3 Nc6 4. e3 Bb4 5. Qc2 Bxc3 6. Qxc3 Qe7 7. d4 Ne4 8. Qd3 exd4 9. Nxd4 O-O 10. Be2 Qb4+ 11. Kf1 Qe7 12. f3 f5 13. g3 d6 14. Kg2 Ng5 15. Nxc6 bxc6 16. b3 c5 17. Bd2 Bb7 18.
Rae1 Qe6 19. h4 Ne4 20. Rd1 Rae8 21. Be1 Rf6 22. Rg1 Rg6 23. Kh2 Nf6 24. Bf2 Bc8 25.
Bf1 Bb7 26. Bg2 Nd7 27. Rde1 Ne5 28. Qd1 Qc8 29. Ref1 Qa8 30. Be1 Nf7 31. Qd3 Ne5 32.
Qd1 Rge6 33. Bc3 Nf7 34. Bd2 g5 35. Bh3 gxh4 36. gxh4+ Kf8 37. Bxf5 Rf6 38. e4 Qd8 39. Rg4 Ne5 40. Bg5 h6 41. Bxf6 Qxf6 42. Rg3 Qxh4+ 43.
Rh3 Qf4+ 44. Kh1 Re7 45. Qc1 Qxc1 46. Rxc1 Nd3 47. Rf1 Rg7 48. Rxh6 Bc6 49. Rh8+ Ke7 50. Rh7 Rxh7+ 51. Bxh7 Kf6 52. f4 Kg7 53. Bf5 Kf6 54.
Kh2 Nb4 55. Rf2 Nd3 56. Rf1 Nb4 57. a4 Nc2 58. Bg4 Ne3 59. Rg1 Bxe4 60. Bd1 Bd3 61.
Rg3 Nf1+ 62. Kg2 Nxg3 63. Kxg3 Be4 64. Kf2 a5 65. Ke3 Bf5 66. Kd2 Ke7 67. Bc2 Bg4 68. Ke3 c6 69. Be4 Bd7 70. f5 Kf6 71. Kf4 Be8 72. Bd3 Bf7 73. Kg4 d5 74. Kf4 Bg8 75. Be2 Bf7 76. Bd3 Bg8 77. Bf1 Bf7 78. cxd5 cxd5 79.
Bb5 d4 80. Bd3 Bxb3 81. Bb5 c4 82. Ke4 c3 83. Bd3 c2 84. Bxc2 Bxc2+ 85. Kxd4 Bxa4 86.
Kc3 Bc6 87. Kb2 a4 88. Ka1 Kxf5 89. Kb2 Ke4 90. Ka1 Kd4 91. Kb2 Kc4 92. Kb1 Kb3 93. Ka1 a3 94. Kb1 Bd5 95. Ka1 Bc4 96. Kb1 Bb5 97. Ka1 Bc6 98. Kb1 Bd5 99. Ka1 a2 1/2-1/2

[Event "*** Titled Tuesday Blitz"]
[Site "Chess.com"]
[Date "2021.04.20"]
[Round "1"]
[White "NovikovaGalina"]
[Black "biostatistician"]
[Result "0-1"]
[WhiteElo "2314"]
[BlackElo "2613"]
[TimeControl "180+1"]
[EndTime "10:09:47 PDT"]
[Termination "biostatistician won on time"]

1. e4 e6 2. Nf3 d5 3. e5 b6 4. b4 Bxb4 5. c3 Be7 6. d4 c5 7. Bd3 Qd7 8. O-O Ba6 9. a4 Bxd3 10. Qxd3 Nc6 11. Na3 c4 12. Qe2 Na5 13. Bf4 Nb3 14.
Ra2 Qxa4 15. Qb2 Bxa3 16. Rxa3 Qd7 17. Nd2 Nxd2 18. Qxd2 Ne7 19. Qe3 O-O 20. Qg3 a5 21. h3 b5 22. h4 b4 23. Raa1 Nf5 24. Qh3 bxc3 25. Qxc3 Nxh4 26. Rxa5 Rxa5 27. Qxa5 Rc8 28. Qc3 Qa4 29. Rb1 Qa2 30. Rb7 Qe2 31. Qb4 Qe4 32.
f3 Qe2 33. Qb2 Qxb2 34. Rxb2 Nf5 35. Rd2 c3 36. Rd3 c2 37. Bc1 Rc4 38. Kf2 Nxd4 39.
Ke3 Nf5+ 40. Kd2 h5 41. Ra3 Kh7 42. Ra7 g6 43. Rxf7+ Kg8 44. Rf6 Nd4 45. Rxg6+ Kf7 46. Rf6+ Ke7 47. Ba3+ Kd7 48. Rf7+ Kc6 49. Rf8 Nb3+ 50.
Ke2 Ra4 51. Rc8+ Kd7 52. Rxc2 Rxa3 53. Kf2 Nd4 54. Rb2 Rb3 55. Ra2 Nf5 56. g4 hxg4 57.
fxg4 Nd4 58. Ra7+ Ke8 59. g5 Rf3+ 60. Kg2 Rf5 61. g6 Rg5+ 62. Kf2 Rxg6 63. Ke3 Nf5+ 64.
Kf4 Rg1 65. Ra6 Kf7 66. Ra7+ Ne7 67. Ra8 Re1 68. Ra6 Re4+ 69. Kf3 Rxe5 70. Rd6 Kf6 71.
Rd7 Rh5 72. Rd8 Ke5 73. Kg4 Rf5 74. Kg3 Ng6 75. Kg2 Nf4+ 76. Kg1 d4 77. Rd7 d3 78.
Kf2 Ke4 79. Ke1 e5 80. Re7 Kd4 81. Kd2 Nd5 82. Rd7 Rf2+ 83. Ke1 Ra2 84. Re7 e4 85.
Rd7 e3 86. Kf1 d2 87. Ke2 Ra1 0-1

[Event "*** Titled Tuesday Blitz"]
[Site "Chess.com"]
[Date "2021.04.20"]
[Round "1"]
[White "chessdjw"]
[Black "VinzentSpitzl"]
[Result "0-1"]
[WhiteElo "2739"]
[BlackElo "2433"]
[TimeControl "180+1"]
[EndTime "10:09:54 PDT"]
[Termination "VinzentSpitzl won by resignation"]

1. e4 c6 2. d4 d5 3. e5 c5 4.
dxc5 e6 5. a3 Nc6 6. Nf3 Bxc5 7.
b4 Bb6 8. Bb2 Nge7 9. Nbd2 Ng6 10. h4 Qc7 11. h5 Ngxe5 12. Nxe5 Nxe5 13. h6 f6 14. f4 Ng6 15. hxg7 Qxg7 16. Qh5 Bd7 17.
O-O-O O-O-O 18. g3 Kb8 19. Kb1 e5 20. Bg2 Nxf4 21.
gxf4 Qxg2 22. fxe5 Bg4 23. Qh6 Bxd1 24. Rxd1 Qg6 25.
Qf4 Rhf8 26. exf6+ Bc7 27. Be5 Bxe5 28. Qxe5+ Ka8 29. Rf1 Rc8 30. Rf5 Rce8 31. Qf4 Re1+ 32. Kb2 Re6 33. f7 Qg7+ 34. Ka2 Re7 35. Qd6 Rexf7 36.
Rxd5 a6 37. Nc4 Qc3 38. Nb6+ Ka7 39. Rc5 Qf6 40. Qxf6 Rxf6 41. Nd7 Rf2 42. Nxf8 Rxf8 43. Rh5 Rf7 44. Kb3 b6 45. a4 Kb7 46. c3 Kc6 47. Kc4 Kc7 48. b5 axb5+ 49. axb5 Rg7 50. Kd4 Rd7+ 51.
Ke4 Re7+ 52. Kd5 Rd7+ 53. Ke6 Rd6+ 54. Ke5 Rd7 55. c4 Re7+ 56. Kd5 Rd7+ 57. Ke6 Rd6+ 58.
Ke5 Rd7 59. Rh6 Re7+ 60. Kd5 Rd7+ 61. Ke4 Re7+ 62. Kf4 Rf7+ 63. Kg5 Rd7 64. Rc6+ Kb7 65. Kh6 Rc7 66. Rd6 Rxc4 67. Kxh7 Rc5 68. Kg6 Rxb5 69. Kf6 Rc5 70. Ke6 b5 71. Rd1 Kb6 72. Kd6 b4 73. Rb1 Kb5 74. Rb2 Rh5 75. Rb1 Ka4 76. Ra1+ Kb3 77.
Rb1+ Kc3 78. Rc1+ Kb2 79. Rc4 b3 80. Kc6 Ka2 81. Ra4+ Kb1 82. Rb4 b2 83. Kb6 Rh2 84. Rc4 Rc2 85. Rh4 Ka2 86. Ra4+ Kb3 87. Kb5 b1=Q 88.
Rb4+ Ka2 89. Ka4 Qxb4+ 90. Kxb4 Rb2+ 91. Ka4 Rb3 92. Ka5 Kb2 93. Ka4 Kc3 94. Ka5 Rb4 0-1

[Event "*** Titled Tuesday Blitz"]
[Site "Chess.com"]
[Date "2021.04.20"]
[Round "2"]
[White "AlhosaniOmran1"]
[Black "CSB7"]
[Result "1/2-1/2"]
[WhiteElo "2517"]
[BlackElo "2747"]
[TimeControl "180+1"]
[EndTime "10:11:07 PDT"]
[Termination "Game drawn by agreement"]

1. d4 Nf6 2. c4 c6 3. Nc3 d5 4. cxd5 cxd5 5. Bf4 Nc6 6. e3 Bf5 7. Nf3 e6 8. Bd3 Bxd3 9. Qxd3 Bd6 10. Bxd6 Qxd6 11. O-O O-O 1/2-1/2

[Event "*** Titled Tuesday Blitz"]
[Site "Chess.com"]
[Date "2021.04.20"]
[Round "2"]
[White "NovikovaGalina"]
[Black "KonstantinB_1983"]
[Result "0-1"]
[WhiteElo "2310"]
[BlackElo "2503"]
[TimeControl "180+1"]
[EndTime "10:12:12 PDT"]
[Termination "KonstantinB_1983 won by resignation"]

1. e4 d5 2. exd5 Qxd5 3. Nf3 Bg4 4. Be2 Nc6 5. d4 Nf6 6. c4 Qf5 7. Nc3 O-O-O 8. Be3 e5 9. d5 e4 10. Nd4 Nxd4 11. Qxd4 c5 12. Qd2 Bxe2 13. Nxe2 Bd6 14.
Ng3 Qe5 15. b4 Qxa1+ 0-1

[Event "*** Titled Tuesday Blitz"]
[Site "Chess.com"]
[Date "2021.04.20"]
[Round "2"]
[White "ecwinslow"]
[Black "martinique24"]
[Result "0-1"]
[WhiteElo "2286"]
[BlackElo "2481"]
[TimeControl "180+1"]
[EndTime "10:12:12 PDT"]
[Termination "martinique24 won by resignation"]

1. e4 c6 2. d4 d5 3. exd5 cxd5 4. c4 Nf6 5. Nc3 g6 6. Nf3 Bg7 7. Be2 O-O 8. Kf1 dxc4 9. Bxc4 b6 10. h3 Bb7 11.
Kg1 Nbd7 12. Kh2 Qc7+ 13. g3 Qxc4 0-1

[Event "*** Titled Tuesday Blitz"]
[Site "Chess.com"]
[Date "2021.04.20"]
[Round "2"]
[White "Salem-AR"]
[Black "AlexPapasimakopoulos"]
[Result "1-0"]
[WhiteElo "2966"]
[BlackElo "2601"]
[TimeControl "180+1"]
[EndTime "10:12:15 PDT"]
[Termination "Salem-AR won by resignation"]

1. d4 e6 2. c4 Nf6 3. Nf3 Bb4+ 4.
Nbd2 b6 5. a3 Bxd2+ 6. Qxd2 Bb7 7. e3 O-O 8. Be2 Ne4 9. Qc2 f5 10. O-O Rf6 11. b4 Rg6 12. d5 exd5 13. Nd4 dxc4 14.
f3 Qg5 15. Bxc4+ Kh8 16. fxe4 Bxe4 17. Qxe4 Nc6 18. Rxf5 Qh6 19. Nxc6 Rxc6 20. Bb2 1-0

[Event "*** Titled Tuesday Blitz"]
[Site "Chess.com"]
[Date "2021.04.20"]
[Round "2"]
[White "SanchezKelvin"]
[Black "bilelou"]
[Result "0-1"]
[WhiteElo "100"]
[BlackElo "2612"]
[TimeControl "180+1"]
[EndTime "10:12:29 PDT"]
[Termination "bilelou won by resignation"]

1. d4 Nf6 2. c4 c5 3. d5 e5 4. dxe6 fxe6 5. Nf3 d5 6. g3 Nc6 7. Bg2 Be7 8. O-O O-O 9. Nc3 d4 10. Na4 e5 11. Bg5 Be6 12. Nd2 Qd7 13. Bxf6 gxf6 14. Rb1 f5 15. a3 Rac8 16. Qc2 e4 17. f3 d3 18. exd3 Nd4 19. Qd1 e3 0-1

[Event "*** Titled Tuesday Blitz"]
[Site "Chess.com"]
[Date "2021.04.20"]
[Round "2"]
[White "grzechu96"]
[Black "ClydeHillKid"]
[Result "1-0"]
[WhiteElo "2661"]
[BlackElo "2423"]
[TimeControl "180+1"]
[EndTime "10:12:51 PDT"]
[Termination "grzechu96 won by resignation"]

1. e4 e6 2. d4 d5 3. Nc3 Nf6 4.
Bg5 Be7 5. e5 Nfd7 6. h4 Bxg5 7.
hxg5 Qxg5 8. Nh3 Qe7 9. Qg4 g6 10. O-O-O Nc6 11. Ng5 h5 12. Qf4 Nb6 13. g4 h4 14. Bg2 Bd7 15. Rh3 O-O-O 16. a3 Rdf8 17. Rf3 Be8 18. Qe3 Nc4 19. Qf4 f6 20. exf6 Rxf6 21.
Qxf6 1-0

[Event "*** Titled Tuesday Blitz"]
[Site "Chess.com"]
[Date "2021.04.20"]
[Round "2"]
[White "svilson23"]
[Black "nikitakhoroshev"]
[Result "1-0"]
[WhiteElo "2260"]
[BlackElo "2624"]
[TimeControl "180+1"]
[EndTime "10:12:52 PDT"]
[Termination "svilson23 won by resignation"]

1. d4 Nf6 2. Bg5 Ne4 3. Bf4 e5 4. dxe5 d5 5. f3 g5 6. Bg3 Nxg3 7. hxg3 Bg7 8. f4 f6 9. e4 dxe4 10. Qh5+ Kf8 11. Nc3 c6 12. Bc4 Qe7 13. O-O-O Bf5 14. Rd8+ 1-0

[Event "*** Titled Tuesday Blitz"]
[Site "Chess.com"]
[Date "2021.04.20"]
[Round "2"]
[White "PavelChernomordik"]
[Black "ZaphenathPaneah"]
[Result "1-0"]
[WhiteElo "2366"]
[BlackElo "1838"]
[TimeControl "180+1"]
[EndTime "10:13:00 PDT"]
[Termination "PavelChernomordik won by resignation"]

1. e4 c5 2. Nc3 Nc6 3. Bb5 Nd4 4. Bc4 e6 5. Nge2 Nf6 6. O-O d5 7. exd5 exd5 8. Nxd5 Nxd5 9. Nxd4 cxd4 10. Qh5 Be6 11. Re1 g6 12. Qxd5 Qxd5 13. Bxd5 Kd7 14. Bxb7 Rb8 15.
Be4 Bg7 16. b3 f5 17. Bd3 Rhe8 18. Bb2 Bd5 19. f3 Bh6 20. Bxd4 Bxd2 21. Red1 Be3+ 22. Bxe3 Rxe3 23. Bc4 1-0

[Event "*** Titled Tuesday Blitz"]
[Site "Chess.com"]
[Date "2021.04.20"]
[Round "2"]
[White "frederiksvane"]
[Black "Savagelittlemole"]
[Result "1-0"]
[WhiteElo "2742"]
[BlackElo "2503"]
[TimeControl "180+1"]
[EndTime "10:13:11 PDT"]
[Termination "frederiksvane won by resignation"]

1. e4 c6 2. Nf3 d5 3. exd5 cxd5 4. d4 Bg4 5. c3 Nc6 6. h3 Bxf3 7. Qxf3 e6 8. Bd3 Nf6 9. O-O Be7 10. Bf4 O-O 11.
Nd2 h6 12. Rfe1 a6 13. a4 Bd6 14. Be3 Qd7 15. Bxh6 Ne4 16. Nxe4 dxe4 17. Qxe4 f5 18. Qxe6+ Qxe6 19. Rxe6 Bc7 20. Rg6 Rf7 21. Bc4 1-0

[Event "*** Titled Tuesday Blitz"]
[Site "Chess.com"]
[Date "2021.04.20"]
[Round "2"]
[White "winniethepooh04"]
[Black "RenarddesSurfaces"]
[Result "1-0"]
[WhiteElo "2276"]
[BlackElo "2436"]
[TimeControl "180+1"]
[EndTime "10:13:17 PDT"]
[Termination "winniethepooh04 won by resignation"]

1. e4 e5 2. Nf3 Nc6 3. Bc4 Nf6 4. d3 Bc5 5. c3 O-O 6. O-O d6 7. d4 Bb6 8. dxe5 Nxe5 9. Nxe5 dxe5 10. Qxd8 Rxd8 11.
Bg5 h6 12. Bxf6 gxf6 13. Na3 Bg4 14. h3 Be6 15. Bxe6 fxe6 16. Nc4 Bc5 17. Kh2 b5 18. Na5 Rd2 19. Nb3 Rxb2 20. Nxc5 Kf7 21. Rab1 Rxa2 22.
Rxb5 a5 23. Rb7 a4 24. Rxc7+ Kg6 25. Nxe6 a3 26. Rg7+ Kh5 27. g4+ Kh4 28. Rh7 1-0

[Event "*** Titled Tuesday Blitz"]
[Site "Chess.com"]
[Date "2021.04.20"]
[Round "2"]
[White "KarateBaby"]
[Black "Apocalyps999"]
[Result "0-1"]
[WhiteElo "2211"]
[BlackElo "2446"]
[TimeControl "180+1"]
[EndTime "10:13:19 PDT"]
[Termination "Apocalyps999 won by resignation"]

1. Nf3 d5 2. c4 c6 3. e3 Nf6 4.
Nc3 Nbd7 5. Qc2 e5 6. cxd5 Nxd5 7. d4 Bd6 8. dxe5 Nxe5 9. Nxe5 Bxe5 10. Bd3 Nxc3 11.
bxc3 g6 12. Ba3 Qa5 13. Bb4 Qb6 14. Rb1 c5 15. Ba3 Qa5 16. Bb5+ Bd7 17. Bxd7+ Kxd7 18. Rxb7+ Kc8 19. Rb3 c4 20. Qe4 cxb3 21. Qxa8+ Kc7 22. Bb4 Bxc3+ 0-1

[Event "*** Titled Tuesday Blitz"]
[Site "Chess.com"]
[Date "2021.04.20"]
[Round "2"]
[White "ARMQUEEN"]
[Black "Legendinunknown"]
[Result "0-1"]
[WhiteElo "2243"]
[BlackElo "2574"]
[TimeControl "180+1"]
[EndTime "10:13:25 PDT"]
[Termination "Legendinunknown won by resignation"]

1. e4 e5 2. Nf3 Nc6 3. Bc4 Nf6 4. Ng5 d5 5. exd5 Nd4 6. c3 b5 7. cxd4 bxc4 8. dxe5 Nxd5 9. Qf3 Be6 10. Nxe6 fxe6 11. Nc3 Be7 12. Qh5+ g6 13. Qf3 Rf8 14. Qe2 Nf4 15.
Qxc4 Nd3+ 16. Ke2 Rxf2+ 17. Kd1 Qd7 18. Nb5 Nxb2+ 19. Ke1 Nxc4 20. Kxf2 Qxb5 0-1

[Event "*** Titled Tuesday Blitz"]
[Site "Chess.com"]
[Date "2021.04.20"]
[Round "2"]
[White "Kale36"]
[Black "Aslanov_Umid"]
[Result "1-0"]
[WhiteElo "2289"]
[BlackElo "2453"]
[TimeControl "180+1"]
[EndTime "10:13:26 PDT"]
[Termination "Kale36 won by resignation"]

1. d4 d5 2. Nc3 Nf6 3. Bg5 c6 4. e3 g6 5. f4 Bg7 6. Nf3 O-O 7.
Bd3 Bg4 8. h3 Bxf3 9. Qxf3 Nfd7 10. O-O f6 11. Bh4 Qc7 12. f5 g5 13. Bg3 Qb6 14.
Rab1 Na6 15. b4 Qd8 16. b5 cxb5 17. Qxd5+ Kh8 18. Qxb7 b4 19. Ne2 1-0

[Event "*** Titled Tuesday Blitz"]
[Site "Chess.com"]
[Date "2021.04.20"]
[Round "2"]
[White "HackingKid98"]
[Black "joejan"]
[Result "1-0"]
[WhiteElo "2472"]
[BlackElo "2274"]
[TimeControl "180+1"]
[EndTime "10:13:32 PDT"]
[Termination "HackingKid98 won by resignation"]

1. c4 e5 2. g3 Nc6 3. Bg2 f5 4. Nf3 Nf6 5. O-O Bc5 6. Nxe5 Nxe5 7. d4 Bd6 8. c5 Be7 9. dxe5 Ne4 10. Be3 O-O 11. Nc3 Nxc3 12. bxc3 Bg5 13. Bxg5 Qxg5 14. f4 Qe7 15. Qd4 Rb8 16. Rab1 b6 17. cxb6 axb6 18. Rfd1 Ba6 19. Qxd7 Qc5+ 20. Qd4 Bxe2 21. Qxc5 bxc5 22. Re1 Bd3 23. Bd5+ Kh8 24. Rxb8 Rxb8 25. e6 Bb5 26. Rb1 Rb6 27. Rxb5 Rxb5 28. e7 1-0

[Event "*** Titled Tuesday Blitz"]
[Site "Chess.com"]
[Date "2021.04.20"]
[Round "2"]
[White "prachiti01"]
[Black "eduardoperalta"]
[Result "0-1"]
[WhiteElo "2207"]
[BlackElo "2481"]
[TimeControl "180+1"]
[EndTime "10:13:36 PDT"]
[Termination "eduardoperalta won by resignation"]

1. e4 c5 2. c3 e5 3. Nf3 Nc6 4.
d3 Nf6 5. Be2 Be7 6. O-O O-O 7.
h3 d5 8. exd5 Nxd5 9. Re1 Be6 10. Bf1 Qc7 11. Qe2 f6 12. Na3 Rfe8 13. Be3 Rad8 14.
Bd2 Bf8 15. Nc4 b5 16. Na3 a6 17. c4 bxc4 18. dxc4 Nf4 19. Bxf4 exf4 20. Qc2 Nb4 21. Qc3 Bc8 22. Rxe8 Rxe8 23. Nc2 Bb7 24. Nxb4 cxb4 25. Qb3 Bc5 26. Re1 Bxf2+ 27. Kxf2 Qc5+ 28. Re3 Rxe3 0-1

[Event "*** Titled Tuesday Blitz"]
[Site "Chess.com"]
[Date "2021.04.20"]
[Round "2"]
[White "Iball95"]
[Black "Olga_Zhuravleva"]
[Result "1-0"]
[WhiteElo "2603"]
[BlackElo "2329"]
[TimeControl "180+1"]
[EndTime "10:13:44 PDT"]
[Termination "Iball95 won by resignation"]

1. e4 e5 2. Nf3 Nc6 3. Nc3 Nf6 4. Bb5 Nd4 5. Bc4 d6 6. Nxd4 exd4 7. Nd5 c6 8. Nxf6+ Qxf6 9. O-O Be6 10. Bxe6 fxe6 11. d3 O-O-O 12. c3 dxc3 13. bxc3 Qxc3 14. Be3 Kb8 15.
Qa4 c5 16. Rab1 Qf6 17. Rxb7+ Kxb7 18. Rb1+ Kc7 19. Qxa7+ 1-0

[Event "*** Titled Tuesday Blitz"]
[Site "Chess.com"]
[Date "2021.04.20"]
[Round "2"]
[White "kritipatel"]
[Black "Steven_Rojas"]
[Result "0-1"]
[WhiteElo "1724"]
[BlackElo "2477"]
[TimeControl "180+1"]
[EndTime "10:13:49 PDT"]
[Termination "Steven_Rojas won by checkmate"]

1. e4 e6 2. d4 d5 3. Nc3 Nf6 4. e5 Nfd7 5. f4 c5 6. Nf3 Nc6 7. Be3 Be7 8. Be2 b6 9. Qd2 O-O 10.
O-O-O c4 11. g4 b5 12. Nxb5 Rb8 13. Nc3 Qa5 14. f5 Ba3 15. Nxd5 Bxb2+ 16. Kb1 Bc3+ 17.
Kc1 Qa3# 0-1

[Event "*** Titled Tuesday Blitz"]
[Site "Chess.com"]
[Date "2021.04.20"]
[Round "2"]
[White "Guzman70"]
[Black "Nuvas"]
[Result "0-1"]
[WhiteElo "2317"]
[BlackElo "2650"]
[TimeControl "180+1"]
[EndTime "10:14:06 PDT"]
[Termination "Nuvas won by resignation"]

1. d4 Nf6 2. Bf4 d5 3. e3 c5 4. Nf3 Nc6 5. c3 Qb6 6. dxc5 Qxb2 7. Nbd2 Qxc3 8. Rc1 Qa5 9. Bd3 Bg4 10. O-O e5 11. Nb3 Qd8 12. Bg5 e4 13. Bb5 exf3 14. gxf3 Bh3 15.
Nd4 Rc8 16. Qa4 Bd7 17. Rfd1 Be7 18. Kh1 O-O 19. Rg1 Kh8 20. Bf4 a6 21. Bxc6 Bxc6 22. Qc2 Bd7 23. Be5 Rxc5 24. Qxc5 Bxc5 25. Rxc5 Qe7 26. f4 Qxc5 0-1

[Event "*** Titled Tuesday Blitz"]
[Site "Chess.com"]
[Date "2021.04.20"]
[Round "2"]
[White "MalyDominator"]
[Black "Grineva_Marianna"]
[Result "1-0"]
[WhiteElo "2450"]
[BlackElo "2229"]
[TimeControl "180+1"]
[EndTime "10:14:17 PDT"]
[Termination "MalyDominator won by checkmate"]

1. e4 c5 2. Nf3 d6 3. d4 cxd4 4. Nxd4 Nf6 5. Nc3 g6 6. Be3 Bg7 7. f3 O-O 8. Qd2 Nc6 9. g4 Bd7 10. O-O-O Rc8 11. h4 Ne5 12. Be2 Nc4 13. Bxc4 Rxc4 14.
h5 Qa5 15. Nb3 Qa6 16. Kb1 Rfc8 17. hxg6 fxg6 18. Bd4 e5 19. Be3 Rxc3 20. bxc3 Bf8 21. Bg5 Ne8 22. Qd5+ Kh8 23. Rxh7+ Kxh7 24. Qf7+ Ng7 25.
Rh1# 1-0

[Event "*** Titled Tuesday Blitz"]
[Site "Chess.com"]
[Date "2021.04.20"]
[Round "2"]
[White "OlifantCZ"]
[Black "beautroll"]
[Result "0-1"]
[WhiteElo "2240"]
[BlackElo "2458"]
[TimeControl "180+1"]
[EndTime "10:14:18 PDT"]
[Termination "beautroll won by resignation"]

1. c4 Nf6 2. g3 g6 3. Bg2 Bg7 4. Nc3 O-O 5. e4 d6 6. Nge2 e5 7. O-O Nbd7 8. h3 c6 9. d3 Re8 10. f4 exf4 11. gxf4 a5 12. b3 Nc5 13. Ng3 Ng4 14. hxg4 Bxc3 15. Be3 Qh4 16. Kf2 Bxa1 17.
Qxa1 Nxd3+ 18. Ke2 Qxg3 19. Kxd3 Qxg2 20. e5 Bxg4 21. Rg1 Qe2+ 0-1

[Event "*** Titled Tuesday Blitz"]
[Site "Chess.com"]
[Date "2021.04.20"]
[Round "2"]
[White "Gulkov_Igor"]
[Black "Kobalia"]
[Result "0-1"]
[WhiteElo "2530"]
[BlackElo "2791"]
[TimeControl "180+1"]
[EndTime "10:14:20 PDT"]
[Termination "Kobalia won by resignation"]

1. Nf3 Nf6 2. c4 g6 3. Nc3 Bg7 4. e4 O-O 5. d4 d6 6. Be2 Nbd7 7. O-O e5 8. Re1 c6 9. Bf1 Re8 10. d5 c5 11. g3 Rf8 12. Bg2 Ne8 13. Bg5 f6 14. Bd2 f5 15. Ng5 Nc7 16. exf5 gxf5 17. f4 e4 18. Be3 Nf6 19. h3 h6 20. Ne6 Nxe6 21. dxe6 Bxe6 22. Qb3 Qe7 23. Rad1 Rad8 24. Qa4 a6 25. b4 Bxc4 26. bxc5 d5 27. Bd4 Nh5 28. Kh2 Bxd4 29. Rxd4 Qg7 0-1

[Event "*** Titled Tuesday Blitz"]
[Site "Chess.com"]
[Date "2021.04.20"]
[Round "2"]
[White "erdni1993"]
[Black "topin8"]
[Result "1-0"]
[WhiteElo "2424"]
[BlackElo "2179"]
[TimeControl "180+1"]
[EndTime "10:14:26 PDT"]
[Termination "erdni1993 won by resignation"]

1. e4 e5 2. Nf3 Nc6 3. Bb5 Nf6 4. O-O Nxe4 5. d4 Nd6 6. Bxc6 dxc6 7. dxe5 Nf5 8. Qxd8+ Kxd8 9. Nc3 h5 10. Bg5+ Ke8 11.
Rad1 Be6 12. Nd4 Nxd4 13. Rxd4 Be7 14. Ne4 Bd5 15. Bxe7 Kxe7 16. Ng5 Bxa2 17. b3 b5 18. Ra1 Rhd8 19. Rxd8 Rxd8 20. f4 f6 21. Nf3 1-0

[Event "*** Titled Tuesday Blitz"]
[Site "Chess.com"]
[Date "2021.04.20"]
[Round "2"]
[White "SchmakAttack"]
[Black "wonderfultime"]
[Result "0-1"]
[WhiteElo "2598"]
[BlackElo "2960"]
[TimeControl "180+1"]
[EndTime "10:14:28 PDT"]
[Termination "wonderfultime won by resignation"]

1. Nf3 d5 2. g3 Nd7 3. d4 Nb6 4. Bg2 Nf6 5. O-O Bf5 6. Ne5 c6 7.
Nd2 e6 8. c4 Be7 9. e3 h6 10.
Qb3 Qc7 11. a4 a5 12. c5 Nbd7 13. f4 O-O 14. Qc3 Rfc8 15. b3 b6 16. cxb6 Qxb6 17.
Ba3 Bxa3 18. Rxa3 c5 19. dxc5 Rxc5 20. Qxa5 0-1

[Event "*** Titled Tuesday Blitz"]
[Site "Chess.com"]
[Date "2021.04.20"]
[Round "2"]
[White "FrenchMonster2002"]
[Black "enriquebutti"]
[Result "1-0"]
[WhiteElo "2394"]
[BlackElo "2062"]
[TimeControl "180+1"]
[EndTime "10:14:28 PDT"]
[Termination "FrenchMonster2002 won by resignation"]

1. e4 c5 2. Nc3 Nc6 3. Bb5 e6 4.
Bxc6 bxc6 5. f4 d5 6. Nf3 Nf6 7.
d3 c4 8. dxc4 Bb4 9. cxd5 cxd5 10. exd5 Nxd5 11. O-O Bxc3 12. bxc3 Ba6 13. Re1 O-O 14.
Qd4 Rc8 15. Ba3 Rxc3 16. Bxf8 Qxf8 17. Rad1 Rxc2 18. Qa4 Qc8 19. Rxd5 1-0

[Event "*** Titled Tuesday Blitz"]
[Site "Chess.com"]
[Date "2021.04.20"]
[Round "2"]
[White "Gahan-MG"]
[Black "barbara25"]
[Result "1-0"]
[WhiteElo "2627"]
[BlackElo "2307"]
[TimeControl "180+1"]
[EndTime "10:14:36 PDT"]
[Termination "Gahan-MG won by resignation"]

1. e4 c6 2. d4 c5 3. d5 d6 4.
c4 e6 5. Nc3 Nf6 6. Bd3 Be7 7.
Nge2 O-O 8. O-O a6 9. f4 exd5 10. cxd5 b5 11. e5 Nfd7 12. exd6 Bxd6 13. Ne4 Nf6 14.
N2c3 b4 15. Nxf6+ Qxf6 16. Ne4 Qd8 17. Be3 g6 18. Nxc5 Bxc5 19. Bxc5 Re8 20. d6 a5 21. f5 Nd7 22. fxg6 hxg6 23. Bxg6 fxg6 24. Qd5+ Kg7 25.
Rf7+ Kh6 26. Qd2+ g5 27. Raf1 Ba6 28. Qc2 Rh8 29. R1f3 1-0

[Event "*** Titled Tuesday Blitz"]
[Site "Chess.com"]
[Date "2021.04.20"]
[Round "2"]
[White "Kopytkin"]
[Black "Trickster_Pony"]
[Result "1-0"]
[WhiteElo "2364"]
[BlackElo "1573"]
[TimeControl "180+1"]
[EndTime "10:14:43 PDT"]
[Termination "Kopytkin won by resignation"]

1. e4 c5 2. d4 cxd4 3. c3 dxc3 4. Nxc3 Nc6 5. Nf3 d6 6. Bc4 a6 7.
O-O Nf6 8. Bf4 Bg4 9. h3 Bh5 10. g4 Bg6 11. Re1 e5 12. Bg5 b5 13. Nxb5 axb5 14. Bxb5 Qb6 15. a4 Nxe4 16. Qd5 Rc8 17. Rxe4 Bxe4 18. Qxe4 f6 19. Be3 Kd8 20. Bxb6+ 1-0

[Event "*** Titled Tuesday Blitz"]
[Site "Chess.com"]
[Date "2021.04.20"]
[Round "2"]
[White "Blitzking642"]
[Black "NTBT_DHS"]
[Result "0-1"]
[WhiteElo "2475"]
[BlackElo "2704"]
[TimeControl "180+1"]
[EndTime "10:14:44 PDT"]
[Termination "NTBT_DHS won by resignation"]

1. e4 g6 2. d4 Bg7 3. Nc3 a6 4. Be3 d6 5. Qd2 Nd7 6. h4 Ngf6 7. f3 b5 8. O-O-O Bb7 9. Bh6 Bxh6 10. Qxh6 b4 11. Nce2 c5 12. e5 Nd5 13. Qg7 Rf8 14. exd6 Qa5 15. Kb1 c4 16. dxe7 Nxe7 17. Nc1 Nf5 18.
Re1+ Kd8 19. Qxh7 Nf6 0-1

[Event "*** Titled Tuesday Blitz"]
[Site "Chess.com"]
[Date "2021.04.20"]
[Round "2"]
[White "korbul"]
[Black "Anton_Demchenko"]
[Result "0-1"]
[WhiteElo "2585"]
[BlackElo "2910"]
[TimeControl "180+1"]
[EndTime "10:14:47 PDT"]
[Termination "Anton_Demchenko won by resignation"]

1. e4 e5 2. Nf3 Nc6 3. Bc4 Nf6 4. d3 Be7 5. O-O O-O 6. Re1 d6 7. c3 Kh8 8. a3 Ng8 9. d4 f5 10. dxe5 fxe4 11. Rxe4 Rxf3 12. gxf3 Bf5 13. Rf4 Bg6 14.
e6 Ne5 15. Be3 Bg5 16. Bf1 Bxf4 17. Bxf4 Qf6 18. Bxe5 Qxe5 19. Qe2 Qg5+ 20. Kh1 Qc1 21. Kg2 Bxb1 22. h4 Qc2 23. Qe1 Qg6+ 24. Kh2 Bf5 25. Bc4 Re8 0-1

[Event "*** Titled Tuesday Blitz"]
[Site "Chess.com"]
[Date "2021.04.20"]
[Round "2"]
[White "buhomurciano"]
[Black "ZAbdumalik"]
[Result "0-1"]
[WhiteElo "2217"]
[BlackElo "2635"]
[TimeControl "180+1"]
[EndTime "10:14:49 PDT"]
[Termination "ZAbdumalik won on time"]

1. e4 e5 2. Nf3 Nc6 3. Bc4 Nf6 4. d3 h6 5. h3 d6 6. Nbd2 g6 7. a3 Bg7 8. Nf1 O-O 9. g4 d5 10. exd5 Nxd5 11. Ng3 Nf4 12. c3 Be6 13. Bxf4 exf4 14. Ne2 Bxc4 15. dxc4 Qf6 16. O-O Rad8 17. Qc2 Rfe8 18.
Rfe1 Ne5 19. Nxe5 Rxe5 20. Nd4 Qh4 21. Kg2 Rxd4 22. cxd4 f3+ 23. Kh2 Rg5 24. Qe4 Qxf2+ 0-1